 Dungeon Crawl Stone Soup version 0.15-a0-1854-g6489380 (webtiles) character file.

11196 PolkaDot the Covert (level 11, -15/68 HPs)
             Began as a Vampire Enchanter on July 2, 2014.
             Was a Believer of Ashenzari.
             Demolished by Gastronok (33 damage)
             ... on Level 3 of the Lair of Beasts on July 3, 2014.
             The game lasted 00:52:05 (12604 turns).

PolkaDot the Covert (Vampire Enchanter)            Turns: 12604, Time: 00:52:07

HP -15/68        AC 13     Str  7      XL: 11   Next: 46%
MP   5/17        EV 21     Int 25      God: Ashenzari [**....]
Gold 465         SH  0     Dex 19      Spells:  6 memorised,  0 levels left

rFire  + + .     SeeInvis +     a - +5 dagger (curse)
rCold  + + .     Clarity  .     K - +1 leather armour {rF+} (curse)
rNeg   + + +     rCorr    .     (no shield)
rPois  +         rRot     +     t - +2 helmet {SInv} (curse)
rElec  .         Spirit   .     B - +0 cloak
SustAb .         Warding  .     b - +2 pair of gloves
rMut   +         Stasis   .     D - +0 pair of boots (curse)
Gourm  .                        v - amulet of resist mutation
MR     +....                    y - +4 ring of evasion
                                z - ring of protection from fire

@: brilliant, agile, regenerating slowly, slowed, very slow, somewhat resistant
to hostile enchantments, incredibly stealthy
A: bottle blood, fangs 3, see invisible, unbreathing
a: Bat Form, Bottle Blood, Renounce Religion


You were on level 3 of the Lair of Beasts.
You worshipped Ashenzari.
Ashenzari was pleased with you.
You were near bloodless.

You visited 3 branches of the dungeon, and saw 12 of its levels.

You collected 465 gold pieces.

Inventory:

Hand weapons
 a - a cursed +5 dagger (weapon)
Armour
 b - a +2 pair of gloves (worn)
 t - a cursed +2 helmet of see invisible (worn)
 B - a +0 cloak (worn)
 D - a cursed +0 pair of boots (worn)
 K - a cursed +1 leather armour of fire resistance (worn)
Magical devices
 u - a wand of fireball (5) {unknown}
 w - a wand of draining (8) {unknown}
 A - a wand of polymorph (24) {unknown}
 I - a wand of magic darts (11) {unknown}
Scrolls
 g - 2 scrolls of recharging
 h - a scroll of curse jewellery
 i - a scroll of summoning {unknown}
 j - a scroll of teleportation {unknown}
 m - 2 scrolls of amnesia
 n - 4 scrolls of immolation
 o - 4 scrolls of fog
 p - 3 scrolls of magic mapping
 r - 2 scrolls of remove curse
 s - a scroll of fear {unknown}
 E - a scroll of random uselessness {unknown}
 H - a scroll of acquirement {unknown}
 J - a scroll of blinking {unknown}
 M - a scroll of curse weapon
Jewellery
 v - an amulet of resist mutation (around neck)
 y - a +4 ring of evasion (right hand)
 z - a ring of protection from fire (left hand)
Potions
 d - 2 potions of haste
 l - 3 potions of resistance
 q - 2 potions of mutation {!q}
 C - a potion of brilliance
 F - a potion of agility
Books
 c - a book of Maledictions

   Spells                             Type                      Level
   *Corona                            Hexes                        1
   Sure Blade                         Hexes/Charms                 2
   *Ensorcelled Hibernation           Hexes/Ice                    2
   *Confuse                           Hexes                        3
   *Dazzling Spray                    Conjuration/Hexes            3
   *Enslavement                       Hexes                        4


   Skills:
 * Level 12.8(14.7) Short Blades
 - Level 4.0 Armour
 - Level 2.1(3.3) Dodging
 + Level 14.1(15.3) Stealth
 - Level 2.0 Spellcasting
 + Level 13.0 Hexes
 - Level 1.1 Ice Magic


You couldn't memorise any spells.
You knew the following spells:

 Your Spells              Type           Power        Failure   Level  Hunger
a - Corona                Hex            ######.      1%          1    None
c - Confuse               Hex            ######..     1%          3    ###....
d - Ensorcelled Hibernat  Hex/Ice        ######       1%          2    ##.....
e - Enslavement           Hex            ######..     1%          4    ####...
s - Dazzling Spray        Conj/Hex       ######..     1%          3    ###....
A - Apportation           Tloc           ###.......   1%          1    None


Dungeon Overview and Level Annotations

Branches:
Dungeon (8/15)             Temple (1/1) D:4            Lair (3/8) D:8
  Swamp: Lair:3-6    Shoals: Lair:3-6     Snake: Lair:3-6    Spider: Lair:3-6

Altars:
Ashenzari
Cheibriados
Dithmenos
Elyvilon
Fedhas
Gozag
Kikubaaqudgha
Makhleb
Nemelex Xobeh
Okawaru
Qazlal
Sif Muna
Trog
Vehumet
Xom
Yredelemnul
Zin
The Shining One

Annotations:
Lair:3 Gastronok


Innate Abilities, Weirdness & Mutations

You heal slowly.
You can bottle blood from corpses.
You have razor-sharp teeth.*
You have supernaturally acute eyesight.
You can survive without breathing.*


Message History

You kill the rat!
The rat's corpse disappears in a puff of smoke!
The bat barely misses you. The quokka completely misses you.
The quokka completely misses you. The bat barely misses you.
The quokka misses you. x2
Gastronok bites you!!
* * * LOW HITPOINT WARNING * * *
Casting: Dazzling Spray
Confirm with . or Enter, or press ? or * to list all spells.
Aiming: Dazzling Spray
Press: ? - help, Shift-Dir - straight line, f/p - Gastronok
Aim: Gastronok wearing a glowing hat (almost dead, covering ground quickly)
The spray of energy hits Gastronok.
Gastronok is almost dead.
* * * LOW MAGIC WARNING * * *
The bat hits you but does no damage. The quokka misses you.
The quokka closely misses you. The quokka completely misses you.
The quokka bites you but does no damage.
Gastronok bites you!!
You die...

, #...P......##### .#*
##.P......<.P###
..ยง..###.....%.%....#P### ,,
.#...#........%..........###
..PP..............#)......##. ,
*#.P.P...P...#..............P..
*#......................#.#....
,.#......#.....w.....##.........
#...........br@r....##.........
*................................
,t..#....<....###......##.....#..
............P# #............P###
............#####...#.......##
.........?..w..?............##
.................#......%..##
......P.........###.)......#
......#...P###.?##....P..###


You could see Gastronok, 2 quokkas and a bat.

Vanquished Creatures
  Fannar (Lair:1)
  A hydra (Lair:2)
  Erica (Lair:1)
  A griffon (Lair:2)
  3 spiny frogs
  3 komodo dragons
  Grinder (D:3)
  A two-headed ogre (D:8)
  A human (D:7)
  4 hippogriffs
  5 yaks (Lair:3)
  4 wolves (Lair:3)
  2 orc warriors
  4 water moccasins
  5 porcupines
  2 ice beasts (D:6)
  2 sky beasts (D:5)
  2 black bears (D:6)
  4 centaurs
  3 ogres
  Sigmund (D:2)
  3 crocodiles
  5 giant frogs
  2 scorpions
  6 killer bees (D:7)
  An electric eel (Lair:1)
  4 crimson imps
  2 goliath beetles
  A two-headed ogre zombie (D:6)
  A jelly (D:7)
  A gnoll shaman (D:8)
  3 hounds
  7 iguanas
  3 orc priests
  8 orc wizards
  7 worker ants
  4 sheep (D:7)
  A hound zombie (D:8)
  A mummy (D:8)
  5 gnolls
  14 adders
  2 shadow imps (D:7)
  2 giant mites
  26 green rats
  5 worms
  7 giant geckos
  2 oozes (D:1)
  11 orcs
  2 bat skeletons
  7 giant cockroaches
  6 hobgoblins
  11 jackals
  22 kobolds
  9 quokkas
  15 bats
  A giant gecko zombie (D:6)
  5 giant newts
  A giant spore (D:8)
  8 goblins
  A goblin zombie (D:5)
  A kobold skeleton (D:4)
  An orc skeleton (D:4)
  A quokka zombie (D:7)
  22 rats
  2 ballistomycetes
300 creatures vanquished.

Vanquished Creatures (collateral kills)
  A giant spore (D:7)
1 creature vanquished.

Vanquished Creatures (others)
  An ogre (D:1)
  An orc (D:5)
  A giant spore (D:6)
  A plant (D:8)
4 creatures vanquished.

Grand Total: 305 creatures vanquished

Notes
Turn   | Place    | Note
--------------------------------------------------------------
     0 | D:1      | PolkaDot, the Vampire Enchanter, began the quest for the Orb.
     0 | D:1      | Reached XP level 1. HP: 13/13 MP: 3/3
   670 | D:1      | Reached XP level 2. HP: 19/19 MP: 4/4
   818 | D:1      | Learned a level 2 spell: Ensorcelled Hibernation
  1091 | D:1      | Reached skill level 1 in Ice Magic
  1164 | D:1      | Found a sparkling altar of Nemelex Xobeh.
  1661 | D:1      | Reached XP level 3. HP: 24/24 MP: 0/6
  1856 | D:1      | Killed an ogre
  2173 | D:2      | Learned a level 3 spell: Confuse
  2459 | D:2      | Reached skill level 5 in Stealth
  2505 | D:2      | Reached XP level 4. HP: 30/30 MP: 7/7
  2644 | D:2      | Noticed Sigmund
  2656 | D:2      | Killed Sigmund
  2656 | D:2      | Reached skill level 5 in Hexes
  2656 | D:2      | Reached XP level 5. HP: 35/35 MP: 0/9
  3276 | D:3      | Found a shadowy altar of Dithmenos.
  3560 | D:3      | Noticed Grinder
  3560 | D:3      | Paralysed by Grinder for 2 turns
  3565 | D:3      | Paralysed by Grinder for 7 turns
  3580 | D:3      | Killed Grinder
  3580 | D:3      | Reached skill level 5 in Short Blades
  3580 | D:3      | Reached skill level 6 in Stealth
  3580 | D:3      | Reached XP level 6. HP: 19/41 MP: 1/10
  3997 | D:4      | Found a staircase to the Ecumenical Temple.
  4015 | Temple   | Entered the Ecumenical Temple
  4231 | D:4      | Reached XP level 7. HP: 39/46 MP: 7/12
  4234 | D:4      | Reached skill level 7 in Stealth
  4834 | D:5      | Entered Level 5 of the Dungeon
  4919 | D:5      | Found a deep blue altar of Sif Muna.
  4960 | D:5      | Identified Sif Muna's Disquisition on Earth
  5336 | D:5      | Reached skill level 8 in Stealth
  5426 | D:5      | Learned a level 4 spell: Enslavement
  5579 | D:5      | Reached XP level 8. HP: 46/52 MP: 13/13
  5961 | D:5      | Found a snail-covered altar of Cheibriados.
  6131 | D:5      | Reached skill level 9 in Stealth
  6674 | D:6      | Found a bloodstained altar of Trog.
  7454 | D:7      | Reached XP level 9. HP: 33/57 MP: 2/14
  7699 | D:7      | Reached skill level 10 in Stealth
  8194 | D:7      | Found a shattered altar of Ashenzari.
  8200 | D:7      | Became a worshipper of Ashenzari the Shackled
  8358 | D:7      | Reached skill level 10 in Hexes
  8358 | D:7      | Reached skill level 1 in Armour
  8896 | D:7      | Reached skill level 11 in Stealth
  9252 | D:8      | Noticed a komodo dragon
  9310 | D:8      | Killed a komodo dragon
  9624 | D:8      | Reached XP level 10. HP: 61/63 MP: 16/16
  9775 | D:8      | Found a staircase to the Lair.
  9815 | D:8      | Learned a level 3 spell: Dazzling Spray
  9847 | Lair:1   | Entered Level 1 of the Lair of Beasts
  9997 | Lair:1   | Noticed Fannar
  9998 | Lair:1   | Killed Fannar
  9998 | Lair:1   | Reached skill level 10 in Short Blades
  9998 | Lair:1   | Reached skill level 12 in Stealth
 10256 | Lair:1   | Noticed Erica
 10263 | Lair:1   | Killed Erica
 10554 | Lair:1   | Reached skill level 13 in Stealth
 11002 | Lair:2   | Noticed a six-headed hydra
 11007 | Lair:2   | Killed a six-headed hydra
 11007 | Lair:2   | Reached XP level 11. HP: 68/68 MP: 17/17
 11183 | Lair:2   | Noticed a griffon
 11189 | Lair:2   | Killed a griffon
 11203 | Lair:2   | Learned a level 1 spell: Apportation
 11588 | Lair:2   | Acquired Ashenzari's first power
 12072 | Lair:3   | Reached skill level 14 in Stealth
 12100 | Lair:3   | Noticed Gastronok
 12604 | Lair:3   | Demolished by Gastronok

Action                   |  1- 3 |  4- 6 |  7- 9 | 10-12 || total
-------------------------+-------+-------+-------+-------++-------
Melee: Dagger            |   133 |    86 |   311 |   162 ||   692
 Cast: Corona            |    10 |     1 |     1 |       ||    12
       Ensorcelled Hiber |    23 |    29 |   124 |    62 ||   238
       Confuse           |       |     3 |    12 |       ||    15
       Enslavement       |       |       |     4 |     2 ||     6
       Dazzling Spray    |       |       |       |    24 ||    24
 Abil: End Transformatio |       |       |     1 |       ||     1
       Bat Form          |       |       |     1 |       ||     1
  Use: Potion            |       |     2 |       |    12 ||    14
       Scroll            |       |       |    19 |     2 ||    21
 Stab: Sleeping          |    19 |    31 |    89 |    72 ||   211
       Distracted        |     1 |       |     1 |     2 ||     4
       Confused          |       |     2 |     8 |       ||    10
       Invisible         |       |       |       |     4 ||     4
